 Dungeon Crawl Stone Soup version 0.27-a0-1525-g1038ab4fd7 (webtiles) character file.

Game seed: 4263357464096761685

6057 nyamberluvr69 the Fighter (level 10, 0/77 HPs)
             Began as an Octopode Berserker on July 10, 2021.
             Was an Elder of Trog.
             Slain by a wolf (6 damage)
             ... on level 1 of the Lair of Beasts.
             The game lasted 00:15:46 (12106 turns).

nyamberluvr69 the Fighter (Octopode Berserker)     Turns: 12106, Time: 00:15:47

Health: 0/77       AC:  1    Str: 16    XL:     10   Next: 87%
Magic:  10/10      EV: 14    Int: 11    God:    Trog [****..]
Gold:   620        SH: 11    Dex: 14    Spells: 9/9 levels left

rFire    + . .     SeeInvis .   a - +1 falchion
rCold    . . .     Faith    .   n - +0 buckler
rNeg     . . .     Spirit   .   (helmet restricted)
rPois    .         Reflect  +   c - amulet of reflection
rElec    .         Harm     .   k - ring of protection from fire
rCorr    .         Rampage  .   (no ring)
Will     ++...                  (no ring)
Stlth    ++........             (no ring)
HPRegen  1.22/turn              (no ring)
MPRegen  0.12/turn              (no ring)
                                (no ring)
                                (no ring)

@: strong-willed, regenerating
A: almost no armour, amphibious, 8 rings, camouflage 1, gelatinous body 1,
(nimble swimmer 1), tentacles
a: Renounce Religion, Berserk, Trog's Hand, Brothers in Arms


You were on level 1 of the Lair of Beasts.
You worshipped Trog.
Trog was greatly pleased with you.
You visited 2 branches of the dungeon, and saw 12 of its levels.

You collected 620 gold pieces.

Inventory:

Hand Weapons
 a - a +1 falchion (weapon)
Missiles
 D - 5 curare-tipped darts (quivered)
Armour
 n - a +0 buckler (worn)
Jewellery
 c - an amulet of reflection (around mantle)
 k - a ring of protection from fire (left tentacle)
 u - an amulet of faith
 w - a ring of fire
Wands
 i - a wand of paralysis (14)
 j - a wand of acid (15)
 p - a wand of charming (9)
 r - a wand of digging (12)
 A - a wand of flame (19)
 C - a wand of mindburst (6)
Scrolls
 b - 4 scrolls of immolation
 f - a scroll of teleportation
 m - a scroll of vulnerability
 o - 3 scrolls of fog
 q - 2 scrolls of enchant weapon
 v - a scroll of noise {unknown}
 x - a scroll of enchant armour {unknown}
 E - a scroll of summoning {unknown}
Potions
 d - 2 potions of brilliance {unknown}
 e - 2 potions of attraction {unknown}
 g - a potion of invisibility {unknown}
 h - 3 potions of resistance {unknown}
 l - a potion of flight {unknown}
 t - a potion of ambrosia {unknown}
 z - a potion of might {unknown}
 B - a potion of degeneration {unknown}
 F - 2 potions of curing {unknown}
 G - a potion of berserk rage {unknown}


   Skills:
 + Level 10.5 Fighting
 + Level 10.5 Long Blades
 - Level 3.0 Dodging
 - Level 7.3 Shields


You had 9 spell levels left.
You didn't know any spells.
Your spell library was empty.

Dungeon Overview and Level Annotations

Branches:
Dungeon (10/15)            Temple (0/1) D:4            Lair (2/6) D:8
  Swamp: Lair:2-4    Shoals: Lair:2-4     Snake: Lair:2-4    Spider: Lair:2-4
    Orc: D:9-12

Altars:
Hepliaklqana
Okawaru
Qazlal
Trog
The Shining One
Beogh

Annotations:
D:7 3 runed translucent doors, nyamberluvr69's ghost, novice OpBe


Innate Abilities, Weirdness & Mutations

You cannot wear most types of armour.
You are amphibious.
You can wear up to eight rings at the same time.
Your skin changes colour to match your surroundings (Stealth+).
Your rubbery body absorbs attacks. (AC +1, EV +1)
((You are camouflaged near water. (Stealth+)))
You have tentacles for arms and can constrict up to eight enemies at once.


Message History

The six-headed hydra bites you!
You block the six-headed hydra's attack.
The six-headed hydra bites you!
You block the six-headed hydra's attack.
The six-headed hydra bites you!
As you read the scroll of teleportation, it crumbles to dust.
You feel strangely unstable. The six-headed hydra bites you!
You block the six-headed hydra's attack.
The six-headed hydra misses you. The six-headed hydra bites you!
* * * LOW HITPOINT WARNING * * *
The six-headed hydra bites you.
* * * LOW HITPOINT WARNING * * *
You block the six-headed hydra's attack.
Your surroundings suddenly seem different.
A wolf comes into view.
The wolf howls!
A wolf comes into view.
The wolf howls!
A wolf comes into view.
The wolf howls!
You hear a howl!
A wolf comes into view.
Found a stone staircase leading down.
A wolf comes into view.
The wolf bites you!
* * * LOW HITPOINT WARNING * * *
You barely miss the wolf. Your grab misses the wolf.
Your squeeze misses the wolf. You block the wolf's attack.
You block the wolf's attack.
Found 12 bolts.
The wolf misses you.
You riposte.
You barely miss the wolf. You grab the wolf.
You release your grip on the wolf.
Your skin crawls.
You feel strong-willed. The wolf bites you.
* * * LOW HITPOINT WARNING * * *
You block the wolf's attack.
Unknown command.
The wolf closely misses you. You block the wolf's attack. The wolf bites you.
You die...

##.....# .......
#..... #....
##... #... ##.(##
##..@.# #.hhh.##
##......# #
#..h..### #.##
##.h...# ##...
####......#
.....##.##..#####
>#..........#
.........#.##


You could see 5 wolves.

Vanquished Creatures
  A two-headed ogre (D:9)
  Sonja (D:10)
  A centaur zombie (D:6)
  A cane toad (Lair:1)
  A komodo dragon (Lair:1)
  A polar bear (Lair:1)
  A shadow (D:9)
  4 yaks (D:9)
  2 steam dragons
  Menkaure (D:6)
  An acid dragon (D:7)
  2 water moccasins
  An orc warrior (D:7)
  3 sky beasts
  3 ogres
  2 centaurs
  A kobold brigand (D:8)
  A gnoll sergeant (D:8)
  5 bullfrogs
  4 scorpions
  5 wights (D:9)
  An electric eel (D:8)
  2 howler monkeys
  2 jellies
  2 orc priests
  2 hounds (D:7)
  Crazy Yiuf (D:6)
  A bullfrog skeleton (D:4)
  A gnoll shaman (D:8)
  An iguana (D:6)
  2 orc wizards
  A howler monkey zombie (D:8)
  9 gnolls
  7 adders
  A shadow imp (D:8)
  A white imp (D:6)
  An ufetubus (D:4)
  An adder zombie (D:5)
  An adder skeleton (D:4)
  2 worms (D:2)
  14 orcs
  7 endoplasms
  5 giant cockroaches
  7 goblins
  9 hobgoblins
  6 jackals
  9 kobolds
  2 quokkas (D:3)
  7 ball pythons
  5 bats
  4 frilled lizards
  2 quokka skeletons (D:4)
  3 rats
161 creatures vanquished.

Vanquished Creatures (others)
  5 fungi
  10 plants
15 creatures vanquished.

Grand Total: 176 creatures vanquished

Notes
Turn   | Place    | Note
-------+----------+-------------------------------------------
     0 | D:1      | nyamberluvr69 the Octopode Berserker began the quest for
                  | the Orb.
     0 | D:1      | Reached XP level 1. HP: 16/16 MP: 1/1
    95 | D:1      | Found a faded altar of an unknown god.
   133 | D:1      | Reached XP level 2. HP: 7/21 MP: 2/2
  1210 | D:2      | Reached XP level 3. HP: 26/26 MP: 3/3
  1214 | D:2      | Found a bloodstained altar of Trog.
  1234 | D:2      | Reached ** piety under Trog
  1393 | D:2      | Reached XP level 4. HP: 23/33 MP: 4/4
  2151 | D:3      | Reached XP level 5. HP: 38/38 MP: 5/5
  2352 | D:3      | Reached *** piety under Trog
  2769 | D:4      | Reached skill level 5 in Fighting
  2769 | D:4      | Reached skill level 5 in Long Blades
  2769 | D:4      | Reached XP level 6. HP: 45/45 MP: 6/6
  2920 | D:4      | Found a staircase to the Ecumenical Temple.
  3720 | D:4      | Found a hazy altar of Hepliaklqana.
  3725 | D:4      | Found a glowing golden altar of the Shining One.
  3966 | D:4      | Noticed a water moccasin
  3974 | D:4      | Killed a water moccasin
  3975 | D:4      | Reached XP level 7. HP: 51/51 MP: 7/7
  4114 | D:5      | Entered Level 5 of the Dungeon
  4157 | D:5      | Identified the +4 ring mail of Resonance {Will+ rCorr}
  5532 | D:6      | Reached skill level 1 in Shields
  5622 | D:6      | Noticed Menkaure
  5635 | D:6      | Killed Menkaure
  5636 | D:6      | Reached XP level 8. HP: 58/58 MP: 8/8
  6111 | D:6      | Reached skill level 5 in Shields
  6186 | D:6      | Found a runed translucent door.
  6187 | D:6      | Noticed Crazy Yiuf
  6258 | D:6      | Killed Crazy Yiuf
  7153 | D:7      | Reached XP level 9. HP: 63/63 MP: 9/9
  7312 | D:7      | Found a runed translucent gate.
  7312 | D:7      | Found a runed translucent gate.
  7315 | D:7      | Found a runed translucent gate.
  7327 | D:7      | Noticed nyamberluvr69's ghost (novice OpBe)
  8156 | D:8      | Found a staircase to the Lair.
  8279 | D:8      | Reached **** piety under Trog
  8996 | D:8      | Found an iron altar of Okawaru.
  8996 | D:8      | Found a stormy altar of Qazlal.
  9478 | D:9      | Noticed a two-headed ogre
  9490 | D:9      | Killed a two-headed ogre
  9491 | D:9      | Reached XP level 10. HP: 41/74 MP: 10/10
 10479 | D:9      | Identified the +9 rapier of Follay {drain, Fragile Fly
                  | rPois Int+10}
 10623 | D:10     | Entered Level 10 of the Dungeon
 10623 | D:10     | Noticed Sonja
 10630 | D:10     | Killed Sonja
 10631 | D:10     | Reached skill level 10 in Fighting
 10733 | Lair:1   | Entered Level 1 of the Lair of Beasts
 10769 | Lair:1   | Reached skill level 10 in Long Blades
 11315 | Lair:1   | Noticed a six-headed hydra
 11318 | Lair:1   | Noticed a cane toad
 11326 | Lair:1   | Killed a cane toad
 11745 | Lair:1   | Noticed a cane toad
 12104 | Lair:1   | HP: 3/77 [wolf (3)]
 12106 | Lair:1   | Slain by a wolf

Illustrated notes

Levels and vault maps discovered:
D:1:      dpeg_arrival_water_fire, layout_basic,
          shapermc_ecumenical_altar_hornbeckon
D:2:      layout_basic, basic_altar, palyth_stone_intersect
D:3:      layout_rooms
D:4:      minmay_evil_eye, layout_basic, mainiacjoe_overflow_big_doors,
          minmay_temple_entry_junction_2
D:5:      layout_loops_corners
D:6:      layout_basic, uniq_menkaure, uniq_crazy_yiuf_cottage
D:7:      layout_loops_cross, biasface_ghost_orc_armoury, minivault_22
D:8:      layout_cave_pools, jmf_multi_god_temple, lair_entry_dummy,
          chequers_big_river
D:9:      layout_roguey
D:10:     layout_loops_corners, gammafunk_ghost_hive,
          chequers_serial_rivers_micro_a, serial_park_tiny_1, uniq_urug,
          uniq_sonja, uniq_erolcha
Lair:1:   layout_misc_corridors, grunt_megastairs_5
Lair:2:   layout_small_grid, swamp_mist, uniq_maggie

Skill      XL: |  1  2  3  4  5  6  7  8  9 10 |
---------------+-------------------------------+-----
Fighting       | 4 5 6 9 10 | 10.5
Long Blades    | 4 5 6 9 10 | 10.5
Shields        | 3 7 |  7.3
Dodging        | |  3.0

Action                   |  1- 3 |  4- 6 |  7- 9 | 10-12 || total
-------------------------+-------+-------+-------+-------++-------
Melee: Falchion          |    49 |   103 |   184 |    88 ||   424
       Constrict         |    18 |    29 |    28 |    14 ||    89
       Tentacles         |    15 |    23 |    49 |    27 ||   114
Invok: Berserk           |     3 |     5 |    13 |     6 ||    27
       Trog's Hand       |       |       |     2 |     2 ||     4
Evoke: Wand              |       |       |     2 |     4 ||     6
  Use: Scroll            |       |       |       |     7 ||     7
 Stab: Sleeping          |     1 |     5 |     6 |     2 ||    14
       Paralysed         |       |       |     4 |     3 ||     7
       Distracted        |       |       |     1 |       ||     1
Armor: Skin              |     6 |     8 |     7 |     1 ||    22
Dodge: Dodged            |    29 |    56 |    81 |    40 ||   206
Block: Other             |    14 |    17 |     3 |       ||    34
       Reflection        |     1 |       |     4 |       ||     5
       Buckler           |       |       |    72 |    54 ||   126
       Rpst.: Falchion   |     8 |    20 |    17 |     9 ||    54

Table legend: (Time is in decaauts)
 A = Elapsed time spent in this place.
 B = Non-inter-level travel time spent in this place.
 C = Inter-level travel time spent in this place.
 D = Time resting spent in this place.
 E = Time spent auto-exploring this place.
 F = Levels seen in this place.
 G = Mean time per level.
                   A        B        C        D        E       F      G
               +--------+--------+--------+--------+--------+-----+--------+
         Total |  12371 |  12097 |    274 |   4308 |   6509 |  12 | 1030.9 |
       Dungeon |  10975 |  10701 |    274 |   3261 |   6365 |  10 | 1097.5 |
          Lair |   1396 |   1396 |      0 |   1047 |    144 |   2 |  698.0 |
               +--------+--------+--------+--------+--------+-----+--------+

Top non-repeatable levels by time:
     D:6: 1757 daAuts
     D:4: 1379 daAuts
     D:9: 1334 daAuts
     D:5: 1287 daAuts
     D:8: 1217 daAuts
  Lair:1: 1143 daAuts
     D:2: 1109 daAuts
     D:7: 1080 daAuts
     D:1: 1069 daAuts
     D:3: 635 daAuts
  Lair:2: 252 daAuts
    D:10: 104 daAuts
